 Dungeon Crawl Stone Soup version 0.18.1-8-gdd0e5ea (webtiles) character file.

45 Elvenhound the Caller (level 3, 0/25 HPs)
             Began as a Vampire Summoner on June 8, 2016.
             Succumbed to a goblin's poison
             ... on level 2 of the Dungeon on June 9, 2016.
             The game lasted 00:16:00 (1606 turns).

Elvenhound the Caller (Vampire Summoner)            Turns: 1606, Time: 00:16:00

Health: 0/25       AC:  2    Str:  4 (7)  XL:     3   Next: 42%
Magic:  2/6        EV: 12    Int: 16 (18) God:
Gold:   48         SH:  0    Dex: 11 (14) Spells: 2 memorised, 3 levels left

rFire  . . .     SeeInvis +     d - +0 dagger
rCold  . . .     Gourm    .     a - +0 robe
rNeg   + . .     Faith    .     (no shield)
rPois  .         Spirit   .     (no helmet)
rElec  .         Dismiss  .     (no cloak)
rCorr  .         Reflect  .     (no gloves)
SustAt .         Harm     .     (no boots)
MR     .....                    (no amulet)
Stlth  ++........               (no ring)
                                (no ring)

@: lethally poisoned (0 -> -2), not resistant to hostile enchantments,
unstealthy
A: fangs 3, see invisible, unbreathing
a: Bat Form


You were on level 2 of the Dungeon.
You were not thirsty.

You visited 1 branch of the dungeon, and saw 2 of its levels.

You collected 48 gold pieces.

Inventory:

Hand Weapons
 d - a +0 dagger (weapon)
 e - a +0 dagger
Missiles
 h - 7 stones (quivered)
Armour
 a - a +0 robe (worn)
Potions
 c - 11 potions of blood
 f - a potion of haste
Books
 b - a book of Callings

   Spells                             Type                      Level
   a - Summon Small Mammal            Summoning                    1
   b - Call Imp                       Summoning                    2
   c - Call Canine Familiar           Summoning                    3
   d - Summon Guardian Golem          Hexes/Summoning              3
   e - Summon Lightning Spire         Summoning/Air                4
   f - Summon Ice Beast               Ice/Summoning                4


   Skills:
 + Level 0.3 Fighting
 + Level 2.5 Dodging
 + Level 3.4 Stealth
 + Level 0.2 Unarmed Combat
 + Level 2.5 Spellcasting
 + Level 4.5 Summonings


You had 3 spell levels left.
You knew the following spells:

 Your Spells              Type           Power        Failure   Level  Hunger
a - Summon Small Mammal   Summ           ###.         3%          1    #......
b - Call Canine Familiar  Summ           ###.....     12%         3    ###....


Dungeon Overview and Level Annotations

Branches:
Dungeon (2/15)

Altars:


Innate Abilities, Weirdness & Mutations

You have razor-sharp teeth.
You have supernaturally acute eyesight.
You can survive without breathing.


Message History

Your hound bites the worm but does no damage.
The worm closely misses your hound.
Your hound bites the worm but does no damage.
* * * LOW HITPOINT WARNING * * *
You feel sick.
* * * LOW HITPOINT WARNING * * *
You feel sick.
* * * LOW HITPOINT WARNING * * *
You feel sick.
You don't have enough magic at the moment.
There is a lethal amount of poison in your body!
You swap places.
* * * LOW HITPOINT WARNING * * *
You feel sick.
Your hound disappears in a puff of smoke!
* * * LOW HITPOINT WARNING * * *
You feel sick.
* * * LOW HITPOINT WARNING * * *
You feel sick.
You die...

##..§# ###.##### #.....##
............. #####..#
....<........ ##.#
....(.(...... #.##
.?...........#############..#
........$....w..............#
....w.wr....###.@...#########
†...h#g....# #.....# #..).#
#rb...# ####.#### #.r...#
#....## #.g...#
####..#####.....#
##..w..w.....# ##..#########
####


You could see 2 worms, a hobgoblin, 2 friendly quokkas and a friendly bat.

Vanquished Creatures
  An adder (D:2)
  A dart slug (D:1)
  2 giant cockroaches (D:1)
  3 goblins
  A hobgoblin (D:1)
  2 jackals (D:1)
  A ball python (D:1)
  A bat (D:1)
  4 giant newts (D:1)
  4 kobolds (D:1)
  5 rats
25 creatures vanquished.

Vanquished Creatures (collateral kills)
  2 worms (D:2)
  A dart slug (D:2)
  3 goblins
  2 hobgoblins
  5 jackals (D:1)
  A bat (D:2)
  2 kobolds (D:1)
  A rat (D:1)
17 creatures vanquished.

Grand Total: 42 creatures vanquished

Notes
Turn   | Place    | Note
--------------------------------------------------------------
     0 | D:1      | Elvenhound the Vampire Summoner began the quest for the Orb.
     0 | D:1      | Reached XP level 1. HP: 13/13 MP: 3/3
   312 | D:1      | Reached XP level 2. HP: 18/19 MP: 1/5
  1418 | D:1      | Reached XP level 3. HP: 9/25 MP: 4/6
  1423 | D:1      | Learned a level 3 spell: Call Canine Familiar
  1602 | D:2      | HP: 1/25 [poisoned by a goblin]
  1606 | D:2      | Succumbed to a goblin's poison

Action                   || total
-------------------------++-------
Melee: Unarmed           ||    13
       Dagger            ||   106
       Bite              ||    11
Throw: Stone             ||     1
 Cast: Summon Small Mamm ||    42
       Call Canine Famil ||     3
  Use: Potion            ||     6
       Scroll            ||     4
 Stab: Sleeping          ||     4
       Distracted        ||     2
  Eat: Corpse            ||     1
Armor: Robe              ||    38
Dodge: Dodged            ||   103
